 Dungeon Crawl Stone Soup version 0.27-a0-1154-gfdeffcb720 (webtiles) character file.

Game seed: 13685856415302415868

26 chippings the Cudgeller (level 2, -2/22 HPs)
             Began as a Mummy Gladiator on May 14, 2021.
             Was a Follower of Ru.
             Slain by an adder (3 damage)
             ... on level 2 of the Dungeon.
             The game lasted 00:02:41 (1388 turns).

chippings the Cudgeller (Mummy Gladiator)           Turns: 1388, Time: 00:02:42

Health: -2/22      AC:  4    Str: 17    XL:     2   Next: 89%
Magic:  2/2        EV: 11    Int:  7    God:    Ru [*.....]
Gold:   41         SH:  0    Dex: 13    Spells: 1/1 levels left

rFire    x . .     SeeInvis .   a - +0 flail
rCold    + . .     Faith    .   (no shield)
rNeg     + + +     Spirit   .   b - +0 leather armour
rPois    ∞         Reflect  .   c - +0 helmet
rElec    .         Harm     .   (no cloak)
rCorr    .         Rampage  .   (no gloves)
Will     .....                  (no boots)
Stlth    +.........             (no amulet)
HPRegen  0.07/turn              (no ring)
MPRegen  0.08/turn              (no ring)

@: no status effects
A: cold resistance 1, negative energy resistance 3, torment resistance 2, heat
vulnerability 1, inability to train dodging, no potions
a: Renounce Religion


You were on level 2 of the Dungeon.
You worshipped Ru.
Ru was aware of your devotion.
You visited 1 branch of the dungeon, and saw 2 of its levels.

You collected 41 gold pieces.

Inventory:

Hand Weapons
 a - a +0 flail (weapon)
Missiles
 d - 3 throwing nets (quivered)
Armour
 b - a +0 leather armour (worn)
 c - a +0 helmet (worn)
Scrolls
 e - a scroll of noise {unknown}
 f - a scroll of amnesia {unknown}
 g - 2 scrolls of fog {unknown}
 h - a scroll of teleportation {unknown}


   Skills:
 + Level 2.0 Fighting
 + Level 3.0 Maces & Flails
 + Level 1.7 Throwing
 + Level 0.4 Armour


You had one spell level left.
You didn't know any spells.
Your spell library was empty.

Dungeon Overview and Level Annotations

Branches:
Dungeon (2/15)

Altars:
Ru


Innate Abilities, Weirdness & Mutations

You are immune to poison.
Your flesh is cold resistant. (rC+)
You are immune to negative energy. (rN+++)
You are immune to unholy pain and torment.
You are vulnerable to heat. (rF-)
You cannot train Dodging skill.
You do not drink.


Message History

You closely miss the jackal.
The adder hisses angrily.
The jackal closely misses you. x2
A rat comes into view.
You closely miss the jackal.
The jackal bites you but does no damage.
The jackal misses you.
You closely miss the jackal. The jackal closely misses you.
The jackal bites you but does no damage.
The dart slug closely misses you. The adder closely misses you.
The jackal misses you.
Found 10 gold pieces.
The rat twitches its whiskers.
The adder closely misses you.
The dart slug begins to attack, but is stunned by your conviction!
The jackal closely misses you.
Found a plate armour.
Found a stone staircase leading up.
Found a glowing leather armour.
You hit the jackal.
The jackal is moderately wounded.
The jackal closely misses you.
The jackal bites you but does no damage.
You sock the jackal!
You kill the jackal!
The adder bites you.
You completely miss the adder. The adder barely misses you.
The adder bites you but does no damage.
You closely miss the adder. The adder barely misses you.
You miss the adder. The adder bites you.
The adder is stunned by your conviction and fails to attack.
You closely miss the adder. The adder bites you. x2
* * * LOW HITPOINT WARNING * * *
You closely miss the adder. The adder bites you.
* * * LOW HITPOINT WARNING * * *
Okay, then.
You aren't carrying any items that you can evoke.
This is a scroll of acquirement!
Something appears at your feet! The adder bites you.
You die...

.....[. ....... .......
...<... ....... ###..$.
....... ...#.#..#
#####.......
.........###wrS@.......
.........##..###.......
......!.....##.........
.........##........[...
..........r.............
.........w.....>........
........................
....................##.#
.# ...........###.####
.# .#


You could see an adder, a dart slug and a rat.

Vanquished Creatures
  3 endoplasms (D:1)
  2 giant cockroaches (D:1)
  A hobgoblin (D:1)
  2 jackals (D:2)
  A ball python (D:1)
  A bat (D:2)
  10 frilled lizards (D:1)
  2 goblins (D:1)
  3 kobolds
  2 rats
27 creatures vanquished.

Vanquished Creatures (others)
  8 plants (D:1)
  3 withered plants (D:1)
11 creatures vanquished.

Grand Total: 38 creatures vanquished

Notes
Turn   | Place    | Note
-------+----------+-------------------------------------------
     0 | D:1      | chippings the Mummy Gladiator began the quest for the Orb.
     0 | D:1      | Reached XP level 1. HP: 16/16 MP: 1/1
   457 | D:1      | Reached XP level 2. HP: 16/22 MP: 2/2
   700 | D:1      | Found a faded altar of an unknown god.
   724 | D:1      | Became a worshipper of Ru the Awakened
   738 | D:1      | Gained mutation: You cannot train Dodging skill. [Ru
                  | sacrifice]
   738 | D:1      | Reached * piety under Ru
  1368 | D:2      | Reached skill level 3 in Maces & Flails
  1387 | D:2      | HP: 1/22 [adder (5)]
  1388 | D:2      | Identified a scroll of acquirement
  1388 | D:2      | Acquired the +9 demon whip of the Messenger {flame, rElec
                  | Will++}
  1388 | D:2      | Slain by an adder

Illustrated notes

Levels and vault maps discovered:
D:1:      dpeg_arrival_three_smaller_balls, layout_loops_corners,
          shapermc_ecumenical_altar_flowoftime, minmay_lizard_king
D:2:      layout_rooms

Skill      XL: |  1  2 |
---------------+-------+-----
Dodging        | 0 |  0.0
Maces & Flails | 3 |  3.0
Fighting       | |  2.0
Throwing       | |  1.7
Armour         | |  0.4

Action                   || total
-------------------------++-------
Melee: Flail             ||   107
Invok: Sacrifice Nimblen ||     1
  Use: Scroll            ||     1
 Stab: Sleeping          ||     1
Armor: Leather armour    ||    28
Dodge: Dodged            ||    63

Table legend: (Time is in decaauts)
 A = Elapsed time spent in this place.
 B = Non-inter-level travel time spent in this place.
 C = Inter-level travel time spent in this place.
 D = Time resting spent in this place.
 E = Time spent auto-exploring this place.
 F = Levels seen in this place.
 G = Mean time per level.
                   A        B        C        D        E       F      G
               +--------+--------+--------+--------+--------+-----+--------+
         Total |   1416 |   1406 |     10 |      0 |    988 |   2 |  708.0 |
       Dungeon |   1416 |   1406 |     10 |      0 |    988 |   2 |  708.0 |
               +--------+--------+--------+--------+--------+-----+--------+

Top non-repeatable levels by time:
     D:1: 1257 daAuts
     D:2: 158 daAuts
